 Dungeon Crawl Stone Soup version 0.27-a0-660-g90476cec82 (webtiles) character file.

Game seed: 8990732458679809864

8642 Drazool the Blocker (level 11, -2/87 HPs)
             Began as a Formicid Fighter on Mar 16, 2021.
             Was a Priest of Dithmenos.
             Slain by a cane toad (6 damage)
             ... while petrified by a basilisk
             ... on level 1 of the Lair of Beasts.
             The game lasted 00:30:28 (9359 turns).

Drazool the Blocker (Formicid Fighter)              Turns: 9359, Time: 00:30:28

Health: -2/87      AC: 16    Str: 30    XL:     11   Next: 59%
Magic:  13/13      EV:  2    Int:  8    God:    Dithmenos [***...]
Gold:   742        SH:  0    Dex: 16    Spells: 10/10 levels left

rFire    + . .     SeeInvis +   a - +3 mace (pain)
rCold    . . .     Faith    .   c - +0 kite shield
rNeg     + + +     Spirit   .   A - +4 chain mail {rF+}
rPois    ∞         Reflect  +   (helmet unavailable)
rElec    .         Harm     .   e - +0 cloak
rCorr    .         Rampage  .   (no gloves)
Will     +....                  (no boots)
Stlth    +.........             F - amulet of reflection
HPRegen  0.24/turn              n - +6 ring of strength
MPRegen  0.13/turn              o - +6 ring of dexterity

@: mighty, petrified, wreathed by umbra
A: permanent stasis, dig shafts and tunnels, antennae 3, four strong arms
a: Dig, Shaft Self, Renounce Religion, Shadow Step


You were on level 1 of the Lair of Beasts.
You worshipped Dithmenos.
Dithmenos was most pleased with you.
You visited 3 branches of the dungeon, and saw 13 of its levels.

You collected 878 gold pieces.
You spent 136 gold pieces at shops.

Inventory:

Hand Weapons
 a - a +3 mace of pain (weapon)
 b - a +1 mace of holy wrath
 t - a +1 flail
Missiles
 g - 18 boomerangs (quivered)
 m - 17 poisoned darts
Armour
 c - a +0 kite shield (worn)
 e - a +0 cloak (worn)
 l - a +2 scale mail
 A - a +4 chain mail of fire resistance (worn)
Jewellery
 n - a +6 ring of strength (right hand)
 o - a +6 ring of dexterity (left hand)
 w - a ring of flight
 D - a +6 ring of intelligence
 F - an amulet of reflection (around neck)
Wands
 q - a wand of acid (13)
 r - a wand of flame (8)
 x - a wand of random effects (22)
 E - a wand of paralysis (9)
 G - a wand of polymorph (3)
Scrolls
 f - 7 scrolls of enchant weapon
 j - 2 scrolls of amnesia
 y - a scroll of fog
 z - a scroll of magic mapping
 B - a scroll of identify
Potions
 h - 6 potions of curing
 i - 2 potions of resistance
 k - 2 potions of invisibility
 p - a potion of brilliance
 s - 2 potions of flight
 u - a potion of haste {unknown}
 v - a potion of cancellation
 C - a potion of lignification
 H - a potion of magic {unknown}


   Skills:
 + Level 8.6 Fighting
 + Level 7.4 Maces & Flails
 + Level 8.6 Armour
 + Level 7.1 Stealth
 + Level 9.3 Shields
 + Level 4.6 Necromancy
 + Level 3.9 Invocations
 + Level 5.5 Evocations


You had 10 spell levels left.
You didn't know any spells.
Your spell library contained the following spells:

 Spells                   Type           Power      Damage    Failure   Level
 Shock                    Conj/Air       0%         1d3       87%         1
 Static Discharge         Conj/Air       0%         N/A       99%         3
 Airstrike                Air            0%         N/A       100%        4
 Lightning Bolt           Conj/Air       0%         1d11      100%        5
 Swiftness                Air            Unusable   N/A       N/A         2

Dungeon Overview and Level Annotations

Branches:
Dungeon (11/15)            Temple (1/1) D:4            Lair (1/6) D:9
    Orc: D:9-12

Altars:
Ashenzari
Cheibriados
Dithmenos
Gozag
Hepliaklqana
Nemelex Xobeh
Sif Muna
Vehumet
Wu Jian
Zin

Shops:
D:7 *

Annotations:
D:2 1 runed translucent door, Crazy Yiuf
D:6 2 transporters


Innate Abilities, Weirdness & Mutations

You cannot be hasted, slowed, berserked, paralysed or teleported.
You can dig through walls and to a lower floor.
You have a pair of large antennae on your head. (SInv)
Your four strong arms can wield two-handed weapons with a shield.


Message History

The basilisk bites you!
The black bear bites you but does no damage.
The black bear claws you but does no damage. x2
The cane toad stings you. The basilisk bites you! The bullfrog hits you.
* * * LOW HITPOINT WARNING * * *
The cane toad stings you!
* * * LOW HITPOINT WARNING * * *
The black bear bites you but does no damage.
The black bear barely misses you.
The black bear claws you but does no damage.
The basilisk gazes at you.
You easily resist.
The bullfrog hits you.
* * * LOW HITPOINT WARNING * * *
The cane toad stings you.
* * * LOW HITPOINT WARNING * * *
The black bear barely misses you. x2
The black bear claws you but does no damage.
The bullfrog barely misses you.
The basilisk bites you but does no damage.
The cane toad stings you!
* * * LOW HITPOINT WARNING * * *
The bullfrog hits you but does no damage.
The black bear bites you but does no damage.
The black bear claws you but does no damage.
The black bear claws you.
* * * LOW HITPOINT WARNING * * *
The basilisk bites you but does no damage.
The bullfrog hits you but does no damage.
The cane toad stings you but does no damage.
The black bear bites you. The black bear claws you.
The black bear claws you but does no damage.
The basilisk bites you but does no damage.
The cane toad stings you!
* * * LOW HITPOINT WARNING * * *
The bullfrog hits you but does no damage.
The bullfrog hits you but does no damage.
The cane toad stings you!
You die...

#..#+.# ##+#### ###..#
....... ##....# .......
#...### ........
#P'###### #.......
#####.......# #.......
##YYY'.......# #
#....$.F##YY##........+..
#......F@lY####{{......#
#......h###.# #.......##
#.[....##.>.######..###
.#..#.....FF.## #<##
...#.....8....# #..# .#
#..†#.###...###..#
#....### ....# P.#
#...### #.... ... .....
#... .#..


You could see 6 yaks, a cane toad, a basilisk, a black bear and a bullfrog.

Vanquished Creatures
  Harold (D:7)
  A two-headed ogre (D:8)
  The ghost of ShadowManNeo the Skirmisher, a novice DrTm of Okawaru (D:7)
  Pikel (D:7)
  A cyclops (D:11)
  A komodo dragon (D:9)
  2 trolls
  Grinder (D:6)
  8 yaks (Lair:1)
  A basilisk (Lair:1)
  A soldier ant (D:10)
  A water moccasin (shapeshifter) (D:10)
  An orc warrior (D:8)
  3 black bears
  An ice beast (D:6)
  A sky beast (D:6)
  2 ogres
  A centaur (D:7)
  A phantom (D:8)
  8 bullfrogs
  A gnoll sergeant (D:8)
  3 scorpions
  3 killer bees (D:9)
  3 howler monkeys
  5 hounds
  2 jellies
  2 orc priests
  2 bullfrog skeletons
  4 centaur skeletons
  2 iguanas
  4 orc wizards
  5 worker ants
  2 hound zombies
  A hound skeleton (D:4)
  A worker ant zombie (D:4)
  16 gnolls
  9 adders
  3 shadow imps
  5 white imps
  3 ufetubi
  An ooze (D:8)
  2 adder zombies
  An adder skeleton (D:5)
  A worm (D:4)
  2 leopard geckos
  15 orcs
  5 giant cockroaches
  7 goblins
  5 hobgoblins
  6 jackals
  3 kobolds
  6 quokkas
  3 ball pythons
  6 bats
  3 frilled lizards
  A jackal zombie (D:5)
  A quokka zombie (D:7)
  5 rats
187 creatures vanquished.

Vanquished Creatures (others)
  2 orcs (D:10)
  6 plants
8 creatures vanquished.

Grand Total: 195 creatures vanquished

Notes
Turn   | Place    | Note
-------+----------+-------------------------------------------
     0 | D:1      | Drazool the Formicid Fighter began the quest for the Orb.
     0 | D:1      | Reached XP level 1. HP: 18/18 MP: 1/1
   259 | D:1      | Reached XP level 2. HP: 24/24 MP: 2/2
   989 | D:1      | Reached XP level 3. HP: 16/29 MP: 3/3
  1200 | D:1      | Reached skill level 1 in Stealth
  1200 | D:1      | Reached skill level 4 in Shields
  1240 | D:2      | Found an ornate altar of the Wu Jian Council.
  1458 | D:2      | Reached XP level 4. HP: 30/37 MP: 4/4
  1522 | D:2      | Found a runed translucent door.
  1523 | D:2      | Noticed Crazy Yiuf
  2096 | D:3      | Reached XP level 5. HP: 29/42 MP: 5/5
  3093 | D:4      | Found a staircase to the Ecumenical Temple.
  3099 | Temple   | Entered the Ecumenical Temple
  3106 | Temple   | Became a worshipper of Dithmenos the Shadowed
  3133 | D:4      | Reached XP level 6. HP: 49/49 MP: 6/6
  3888 | D:5      | Entered Level 5 of the Dungeon
  3906 | D:5      | Reached skill level 5 in Shields
  4053 | D:5      | Noticed an ogre
  4073 | D:5      | Killed an ogre
  4074 | D:5      | Reached XP level 7. HP: 37/55 MP: 7/7
  4268 | D:5      | Reached skill level 5 in Armour
  4271 | D:5      | Reached skill level 5 in Fighting
  4271 | D:5      | Reached skill level 1 in Evocations
  4751 | D:5      | Reached * piety under Dithmenos
  4968 | D:5      | Found a glowing silver altar of Zin.
  5075 | D:5      | Found an opulent altar of Gozag.
  5143 | D:6      | Noticed Grinder
  5157 | D:6      | Killed Grinder
  5158 | D:6      | Reached XP level 8. HP: 22/63 MP: 8/8
  5405 | D:6      | Found a transporter.
  5432 | D:6      | Reached skill level 6 in Shields
  5765 | D:6      | Found a transporter.
  5815 | D:6      | Noticed a kobold demonologist
  5815 | D:6      | Noticed an orc sorcerer
  5871 | D:6      | Noticed a kobold demonologist
  5938 | D:6      | Reached skill level 1 in Necromancy
  6145 | D:6      | Reached skill level 5 in Maces & Flails
  6145 | D:6      | Reached XP level 9. HP: 49/69 MP: 9/9
  6567 | D:7      | Noticed Pikel
  6589 | D:7      | Killed Pikel
  6590 | D:7      | Reached skill level 7 in Shields
  6871 | D:7      | Found a runed translucent door.
  6871 | D:7      | Noticed ShadowManNeo's ghost (novice DrTm)
  6920 | D:7      | Found Tofuzin's Assorted Antiques.
  6932 | D:7      | Bought a scroll labelled YCOMA REEL for 21 gold pieces
  6932 | D:7      | Bought a scroll of magic mapping for 73 gold pieces
  6932 | D:7      | Bought a scroll of identify for 42 gold pieces
  7064 | D:7      | Noticed Harold
  7098 | D:7      | Killed Harold
  7099 | D:7      | Reached skill level 5 in Stealth
  7099 | D:7      | Reached XP level 10. HP: 74/79 MP: 10/10
  7408 | D:7      | Killed ShadowManNeo's ghost
  7409 | D:7      | Reached skill level 8 in Shields
  7516 | D:8      | Reached ** piety under Dithmenos
  7537 | D:8      | Found a shimmering blue altar of Sif Muna.
  7538 | D:8      | Found a radiant altar of Vehumet.
  7541 | D:8      | Found a hazy altar of Hepliaklqana.
  7736 | D:8      | Found a broken altar of Ashenzari.
  7760 | D:8      | Noticed a two-headed ogre
  7770 | D:8      | Killed a two-headed ogre
  7771 | D:8      | Reached skill level 1 in Invocations
  8293 | D:9      | Found a staircase to the Lair.
  8294 | D:9      | Noticed a komodo dragon
  8308 | D:9      | Killed a komodo dragon
  8432 | D:9      | Reached XP level 11. HP: 86/86 MP: 12/12
  8733 | D:9      | Noticed a skeletal warrior
  8733 | D:9      | Noticed a manticore
  8733 | D:9      | Noticed an unseen horror
  8733 | D:9      | Noticed a centaur warrior
  8733 | D:9      | Noticed a skeletal warrior
  8733 | D:9      | Noticed a six-headed hydra
  8734 | D:9      | Noticed a white ugly thing
  8735 | D:9      | Noticed a manticore
  8736 | D:9      | You fall into a shaft and drop 2 floors!
  8778 | D:11     | Noticed a cyclops
  8783 | D:11     | Killed a cyclops
  8797 | D:11     | Found a snail-covered altar of Cheibriados.
  8819 | D:11     | Reached skill level 5 in Evocations
  8935 | D:10     | Entered Level 10 of the Dungeon
  8998 | D:10     | Reached *** piety under Dithmenos
  8999 | D:10     | Reached skill level 9 in Shields
  9198 | Lair:1   | Entered Level 1 of the Lair of Beasts
  9358 | Lair:1   | HP: 3/87 [cane toad (7)]
  9359 | Lair:1   | Slain by a cane toad

Illustrated notes

Levels and vault maps discovered:
D:1:      wander_arrival_peaceful_grave, layout_basic, serial_forest,
          infiniplex_forest_straight_4, infiniplex_forest_fountain,
          infiniplex_forest_lined_1, infiniplex_forest_lined_room_2,
          infiniplex_forest_clump_cross
D:2:      layout_rooms, nicolae_overflow_crystal_walls, uniq_crazy_yiuf_cottage
D:3:      layout_rooms, wander_ebering_terrifying_dragon_lair
D:4:      layout_loops_cross, minmay_temple_entry_purple_smoke,
          minmay_misc_feat_encased, kennysheep_generic_room_8
D:5:      minmay_polygon_palace, layout_rooms,
          grunt_temple_overflow_gold_and_silver, nicolae_ossuary_entry_ruins
D:6:      gammafunk_wand_slinger, layout_loops_ring, uniq_grinder
D:7:      layout_loops_cross, serial_shops, shop,
          hellmonk_ghost_happy_afterlife, minmay_misc_feat_doors, uniq_pikel,
          uniq_harold
D:8:      layout_rooms, marbit_many_paths, grunt_temple_overflow_open
D:9:      layout_basic, david_lair_shrubbed, minmay_misc_feat_roman,
          minivault_28
D:10:     minmay_spotlight, layout_long_grid, david_orc_3
D:11:     layout_small_grid, cheibriados_altar_1, uniq_erolcha
Temple:   regret_index_temple_waves
Lair:1:   layout_roguey, beast_lair_carwin_5, grunt_megastairs_5

Skill      XL: |  1  2  3  4  5  6  7  8  9 10 11 |
---------------+----------------------------------+-----
Stealth        | 1 2 3 4 5 6 7 |  7.1
Shields        | 4 5 6 7 8 9 |  9.3
Armour         | 4 5 6 7 8 |  8.6
Fighting       | 4 5 6 7 8 |  8.6
Maces & Flails | 3 4 5 7 |  7.4
Evocations     | 1 2 3 4 5 |  5.5
Necromancy     | 1 2 3 4 |  4.6
Invocations    | 2 3 |  3.9

Action                   |  1- 3 |  4- 6 |  7- 9 | 10-12 || total
-------------------------+-------+-------+-------+-------++-------
Melee: Flail             |   116 |   113 |       |       ||   229
       Mace              |       |    46 |   213 |   285 ||   544
Throw: Boomerang         |       |       |       |     9 ||     9
 Abil: Shaft Self        |       |       |       |     1 ||     1
Evoke: Wand              |       |     1 |     6 |     7 ||    14
  Use: Scroll            |     5 |     4 |     8 |     4 ||    21
       Potion            |       |     1 |     1 |     2 ||     4
 Stab: Paralysed         |       |       |    10 |     8 ||    18
       Invisible         |       |       |       |     2 ||     2
Armor: Scale mail        |    43 |    59 |    76 |       ||   178
       Chain mail        |       |       |       |   104 ||   104
Dodge: Dodged            |    41 |    50 |    65 |    68 ||   224
Block: Kite shield       |    66 |    75 |   123 |   212 ||   476
       Reflection        |       |       |       |     4 ||     4

Table legend: (Time is in decaauts)
 A = Elapsed time spent in this place.
 B = Non-inter-level travel time spent in this place.
 C = Inter-level travel time spent in this place.
 D = Time resting spent in this place.
 E = Time spent auto-exploring this place.
 F = Levels seen in this place.
 G = Mean time per level.
                   A        B        C        D        E       F      G
               +--------+--------+--------+--------+--------+-----+--------+
         Total |   9559 |   9273 |    286 |    412 |   6698 |  13 |  735.3 |
       Dungeon |   9379 |   9100 |    279 |    412 |   6631 |  11 |  852.6 |
        Temple |     14 |      7 |      7 |      0 |      5 |   1 |   14.0 |
          Lair |    165 |    165 |      0 |      0 |     62 |   1 |  165.0 |
               +--------+--------+--------+--------+--------+-----+--------+

Top non-repeatable levels by time:
     D:6: 1306 daAuts
     D:5: 1271 daAuts
     D:1: 1151 daAuts
     D:7: 1114 daAuts
     D:3: 1092 daAuts
     D:2: 938 daAuts
     D:4: 804 daAuts
     D:8: 766 daAuts
     D:9: 492 daAuts
    D:10: 240 daAuts
    D:11: 202 daAuts
  Lair:1: 165 daAuts
  Temple: 14 daAuts
